 Dungeon Crawl Stone Soup version 0.20-a0-454-g2b43fbb (webtiles) character file.

57 mopl the Slasher (level 4, 0/33 HPs)
             Began as a Barachian Skald on Jan 9, 2017.
             Hit by a stone thrown by a hobgoblin (3 damage)
             ... on level 2 of the Dungeon.
             The game lasted 00:02:35 (1417 turns).

mopl the Slasher (Barachian Skald)                  Turns: 1417, Time: 00:02:35

Health: 0/33       AC:  3    Str:  9    XL:     4   Next: 0%
Magic:  4/7        EV: 11    Int: 11    God:
Gold:   118        SH:  0    Dex: 11    Spells: 2/7 levels left

rFire  . . .     SeeInvis .     a - +0 falchion
rCold  . . .     Gourm    .     b - +0 leather armour
rNeg   . . .     Faith    .     (no shield)
rPois  .         Spirit   .     (no helmet)
rElec  .         Reflect  .     (no cloak)
rCorr  .         Harm     .     (no gloves)
MR     .....                    (no boots)
Stlth  +.........               (no amulet)
                                (no ring)
                                (no ring)

@: shrouded, can't hop, slow
A: swims, slowness 1, strong legs 1
a: Hop


You were on level 2 of the Dungeon.
You were not hungry.

You visited 1 branch of the dungeon, and saw 2 of its levels.

You collected 118 gold pieces.

Inventory:

Hand Weapons
 a - a +0 falchion (weapon)
Missiles
 f - 17 poisoned needles
Armour
 b - a +0 leather armour (worn)
Scrolls
 e - a scroll of enchant armour {unknown}
 i - a scroll of remove curse {unknown}
 k - a scroll of magic mapping {unknown}
 n - a scroll of identify {unknown}
Potions
 g - 2 potions of heal wounds {unknown}
 m - a potion of agility {unknown}
Books
 c - a book of Battle

   Spells                             Type                      Level
   a - Infusion                       Charms                       1
   b - Shroud of Golubria             Charms/Translocation         2
   c - Song of Slaying                Charms                       2
   d - Spectral Weapon                Hexes/Charms                 3
   e - Regeneration                   Charms/Necromancy            3
Comestibles
 d - a bread ration
 h - a beef jerky
 j - 2 meat rations


   Skills:
 - Level 2.1 Fighting
 + Level 4.5 Long Blades
 - Level 1.1 Armour
 - Level 2.0 Dodging
 - Level 2.0 Spellcasting
 - Level 3.0 Charms


You had 2 spell levels left.
You knew the following spells:

 Your Spells              Type           Power        Failure   Level  Hunger
a - Infusion              Chrm           #...         12%         1    ##.....
b - Song of Slaying       Chrm           #.......     17%         2    ###....
f - Shroud of Golubria    Chrm/Tloc      #.........   34%         2    ###....


Dungeon Overview and Level Annotations

Branches:
Dungeon (2/15)

Altars:
Elyvilon


Innate Abilities, Weirdness & Mutations

You can swim through water.
You cover ground slowly.
You can hop short distances.


Message History

* * * LOW HITPOINT WARNING * * *
You barely miss the hobgoblin.
Your song is almost over.
The hobgoblin hits you with a mace.
* * * LOW HITPOINT WARNING * * *
Unknown command.
Okay, then.
Hop to where?
Press: ? - help, Dir - move target cursor Boing!
Unknown command.
Casting: Song of Slaying
Confirm with . or Enter, or press ? or * to list all spells.
Space distorts slightly along a thin shroud covering your body.
You aren't carrying any items that you can evoke.
Unknown command.
A frilled lizard comes into view.
Your song has ended.
The hobgoblin throws a stone.
The stone hits you.
You die...

#.#....#.# #.#.##.#.# #.#.##.#.#
#.#.##.#.# #.#.##.#.# #.#.##.#.#
###.##.#.# #.#. ## ######÷#..#.#
... .♣ #.##♣@♣.##.#.##.# %P♣
.♣♣###P♣.♣..♣♣......#
P♣♣.P♣♣♣..♣PP.P.♣♣♣♣P♣#.#########
.P....P♣PP..♣...P♣♣♣§§...........
.#.P......♣P♣..♣.♣.♣♣§♣##########
.....P..♣.P♣♣♣g♣...♣§♣P.# #.....
...#...♣.PPP♣l♣♣.♣..♣..P♣ #.####
........(♣P)♣P.♣.P♣.♣PP♣.# #.# #
.#......Pg.♣..♣♣.♣.♣.♣♣.♣# #.# #


You could see a hobgoblin and a frilled lizard.

Vanquished Creatures
  2 adders (D:2)
  A gnoll (D:2)
  A worm (D:2)
  3 leopard geckos (D:2)
  6 bats
  A giant cockroach (D:1)
  A goblin (D:1)
  A hobgoblin (D:2)
  2 kobolds (D:1)
  2 quokkas (D:2)
  3 frilled lizards
  2 rats (D:1)
  3 plants (D:2)
28 creatures vanquished.

Vanquished Creatures (others)
  A plant (D:2)
1 creature vanquished.

Grand Total: 29 creatures vanquished

Notes
Turn   | Place    | Note
-------+----------+-------------------------------------------
     0 | D:1      | mopl the Barachian Skald began the quest for the Orb.
     0 | D:1      | Reached XP level 1. HP: 16/16 MP: 3/3
   191 | D:1      | Reached XP level 2. HP: 18/22 MP: 1/5
   191 | D:1      | Reached skill level 3 in Long Blades
   195 | D:1      | Learned a level 2 spell: Song of Slaying
   198 | D:1      | Learned a level 2 spell: Shroud of Golubria
   616 | D:2      | Reached XP level 3. HP: 23/27 MP: 2/6
   722 | D:2      | Reached skill level 4 in Long Blades
  1389 | D:2      | Found a white marble altar of Elyvilon.
  1410 | D:2      | Reached XP level 4. HP: 10/33 MP: 5/7
  1417 | D:2      | Hit by a stone thrown by a hobgoblin

Vault maps used:
D:1:      minmay_arrival_plants_in_alcoves, minmay_hexomino_p4
D:2:      wad_woods_stonehenge, columned_hall_lemuel, grunt_ministairs_2,
          minivault_19

Skill      XL: |  1  2  3 |
---------------+----------+-----
Long Blades    | 3 4 |  4.5
Fighting       | |  2.1
Armour         | |  1.1
Dodging        | |  2.0
Spellcasting   | |  2.0
Charms         | |  3.0

Action                   |  1- 3 |  4- 6 || total
-------------------------+-------+-------++-------
Melee: Falchion          |   320 |     1 ||   321
 Cast: Infusion          |     7 |       ||     7
       Song of Slaying   |     1 |       ||     1
       Shroud of Golubri |       |     1 ||     1
 Abil: Hop               |       |     1 ||     1
  Eat: Chunk             |     3 |       ||     3
Armor: Leather armour    |    33 |       ||    33
Dodge: Dodged            |    60 |       ||    60
       Rpst.: Falchion   |    19 |       ||    19
